 Dungeon Crawl Stone Soup version 0.19.0 (webtiles) character file.

239 PrincessPwny the Cudgeler (level 6, -2/64 HPs)
             Began as an Octopode Berserker on Nov 8, 2016.
             Was a Believer of Trog.
             Slain by braincell's ghost (6 damage)
             ... on level 3 of the Dungeon.
             The game lasted 00:09:44 (2146 turns).

PrincessPwny the Cudgeler (Octopode Berserker)      Turns: 2146, Time: 00:09:45

Health: -2/64      AC:  1    Str: 22    XL:     6   Next: 7%
Magic:  6/6        EV: 15    Int: 10    God:    Trog [**....]
Gold:   154        SH:  3    Dex: 12    Spells: 0 memorised, 5 levels left

rFire  . . .     SeeInvis .     a - +0 mace
rCold  + . .     Gourm    .     (no shield)
rNeg   . . .     Faith    .     e - +0 hat
rPois  .         Spirit   .     d - +3 amulet of reflection
rElec  .         Reflect  +     i - ring of protection from cold
rCorr  .         Harm     .     (no ring)
MR     .....                    (no ring)
Stlth  ..........               (no ring)
                                (no ring)
                                (no ring)
                                (no ring)
                                (no ring)

@: berserking, very quick
A: almost no armour, stealthy swim, amphibious, 8 rings, constrict 8, camouflage
1, gelatinous body 1
a: Berserk, Trog's Hand, Burn Spellbooks, Renounce Religion


You were on level 3 of the Dungeon.
You worshipped Trog.
Trog was pleased with you.
You were hungry.

You visited 1 branch of the dungeon, and saw 3 of its levels.

You collected 154 gold pieces.

Inventory:

Hand Weapons
 a - a +0 mace (weapon)
 o - a +0 scythe
Armour
 e - a +0 hat (worn)
Jewellery
 d - a +3 amulet of reflection (around mantle)
 i - a ring of protection from cold (left tentacle)
Wands
 n - a wand of acid (5/15)
Scrolls
 f - 2 scrolls of amnesia
 j - a scroll of enchant weapon {unknown}
Potions
 c - 3 potions of curing
 g - a potion of cancellation {unknown}
 l - a potion of brilliance {unknown}
 m - a potion of resistance {unknown}
Comestibles
 b - 3 bread rations
 h - 2 beef jerkies
 k - 6 chunks of flesh


   Skills:
 + Level 4.0 Fighting
 * Level 4.8 Maces & Flails
 * Level 4.6 Dodging


You had 5 spell levels left.
You didn't know any spells.

Dungeon Overview and Level Annotations

Branches:
Dungeon (3/15)

Altars:
Nemelex Xobeh

Annotations:
D:3 braincell's ghost, amateur MiBe


Innate Abilities, Weirdness & Mutations

You cannot wear most types of armour.
You are very stealthy in the water. (Stealth+)
You are amphibious.
You can wear up to eight rings at the same time.
You can use your tentacles to constrict eight enemies at once.
Your skin changes colour to match your surroundings (Stealth+).
Your rubbery body absorbs attacks. (AC +1, EV +1)


Message History

You hit braincell's ghost but do no damage.
Braincell's ghost hits you!
You hit braincell's ghost but do no damage.
You squeeze braincell's ghost!
Braincell's ghost is moderately damaged.
Braincell's ghost closely misses you. Braincell's ghost barely misses you.
You hit braincell's ghost but do no damage.
Braincell's ghost is moderately damaged.
Braincell's ghost hits you!
* * * LOW HITPOINT WARNING * * *
A red film seems to cover your vision as you go berserk!
You feel yourself moving faster!
You feel mighty!
You are feeling hungry.
Braincell's ghost barely misses you.
You closely miss braincell's ghost.
Braincell's ghost is moderately damaged.
You barely miss braincell's ghost. Your squeeze misses braincell's ghost.
Braincell's ghost is moderately damaged.
Braincell's ghost hits you.
You die...

... ## .. .# #.#### .#
#.... .# # #.... .#
#.#..[# .##
.##.#...####.#
..#######.......@.....#
.............#.W.####.#
..######## #.[.####./.
..##########
#..........
..#...)....#
##..#######
..#.######.# #..# #.#.#
##.## #..#
#.#.#####...###..#
.................#


You could see braincell's ghost.

Vanquished Creatures
  Sigmund (D:3)
  4 adders (D:2)
  A worm (D:2)
  A dart slug (D:2)
  An orc (D:3)
  4 bats
  A giant cockroach (D:2)
  5 goblins
  5 hobgoblins
  2 quokkas
  A ball python (D:2)
  7 frilled lizards
  6 kobolds
  6 rats
45 creatures vanquished.

Notes
Turn   | Place    | Note
-------+----------+-------------------------------------------
     0 | D:1      | PrincessPwny the Octopode Berserker began the quest for the Orb.
     0 | D:1      | Reached XP level 1. HP: 16/16 MP: 1/1
   154 | D:1      | Reached XP level 2. HP: 21/21 MP: 2/2
   524 | D:1      | Found a sparkling altar of Nemelex Xobeh.
   713 | D:2      | Reached XP level 3. HP: 21/26 MP: 3/3
  1106 | D:2      | Reached XP level 4. HP: 18/31 MP: 4/4
  1352 | D:2      | Reached ** piety under Trog
  2110 | D:3      | Noticed Sigmund
  2121 | D:3      | Killed Sigmund
  2121 | D:3      | Reached XP level 5. HP: 24/37 MP: 5/5
  2121 | D:3      | Reached XP level 6. HP: 28/43 MP: 6/6
  2130 | D:3      | Noticed braincell's ghost (amateur MiBe)
  2143 | D:3      | HP: 2/43 [braincell's ghost (16)]
  2146 | D:3      | Slain by braincell's ghost

Skill      XL: |  1  2  3  4 |
---------------+-------------+-----
Maces & Flails | 4 |  4.8
Fighting       | 4 |  4.0
Dodging        | 4 |  4.6

Action                   |  1- 3 |  4- 6 || total
-------------------------+-------+-------++-------
Melee: Mace              |    52 |    35 ||    87
       Constrict         |    14 |    10 ||    24
       Tentacles         |     7 |    11 ||    18
Invok: Berserk           |     1 |     1 ||     2
  Use: Scroll            |     1 |     5 ||     6
 Stab: Sleeping          |     5 |     4 ||     9
  Eat: Chunk             |     1 |     4 ||     5
Armor: Skin              |     3 |     2 ||     5
Dodge: Dodged            |    28 |    21 ||    49
Block: Other             |     3 |     1 ||     4
